 Dungeon Crawl Stone Soup version 0.18.1-50-g88ac8fd (webtiles) character file.

94 varam the Sneak (level 4, -3/21 HPs)
             Began as a Spriggan Enchanter on Oct 19, 2016.
             Shot with an arrow by a centaur (5 damage)
             ... on level 4 of the Dungeon.
             The game lasted 00:05:06 (2540 turns).

varam the Sneak (Spriggan Enchanter)                Turns: 2540, Time: 00:05:07

Health: -3/21      AC:  2    Str:  4    XL:     4   Next: 38%
Magic:  0/9        EV: 18    Int: 17    God:
Gold:   119        SH:  0    Dex: 16    Spells: 3 memorised, 2 levels left

rFire  . . .     SeeInvis +     a - +1 dagger
rCold  . . .     Gourm    .     n - +0 robe (curse)
rNeg   . . .     Faith    .     (shield restricted)
rPois  .         Spirit   .     s - +0 hat
rElec  .         Dismiss  .     (no cloak)
rCorr  .         Reflect  .     (gloves unavailable)
SustAt .         Harm     .     (boots unavailable)
MR     .....                    (no amulet)
Stlth  ++++......               (no ring)
                                (no ring)

@: very quick, not resistant to hostile enchantments, stealthy
A: unfitting armour, see invisible, herbivore 3, speed 3, slow metabolism 2
a: no special abilities


You were on level 4 of the Dungeon.
You were very hungry.

You visited 1 branch of the dungeon, and saw 5 of its levels.

You collected 119 gold pieces.

Inventory:

Hand Weapons
 a - a +1 dagger (weapon)
Armour
 b - a +1 robe
 n - a cursed +0 robe (worn)
 s - a +0 hat (worn)
Jewellery
 m - an uncursed amulet of the gourmand {unknown}
 p - an uncursed ring of see invisible {unknown}
 r - an uncursed ring of protection from cold {unknown}
Scrolls
 e - a scroll of remove curse {unknown}
 g - 3 scrolls of teleportation {unknown}
 i - 10 scrolls of identify {unknown}
 j - 3 scrolls of recharging {unknown}
 q - a scroll of magic mapping {unknown}
 t - a scroll of enchant weapon {unknown}
Potions
 f - 3 potions of curing {unknown}
 k - 3 potions of ambrosia {unknown}
 o - a potion of cancellation {unknown}
Books
 c - a book of Maledictions

   Spells                             Type                      Level
   a - Corona                         Hexes                        1
   b - Ensorcelled Hibernation        Hexes/Ice                    2
   c - Confuse                        Hexes                        3
   d - Tukima's Dance                 Hexes                        3
   e - Dazzling Spray                 Conjuration/Hexes            3
Comestibles
 d - 3 bread rations
 h - 2 royal jellies
 l - a slice of pizza


   Skills:
 + Level 3.3 Short Blades
 - Level 3.0 Dodging
 + Level 6.5 Stealth
 - Level 2.6 Spellcasting
 - Level 3.6 Hexes


You had 2 spell levels left.
You knew the following spells:

 Your Spells              Type           Power        Failure   Level  Hunger
a - Ensorcelled Hibernat  Hex/Ice        #.....       17%         2    ##.....
b - Corona                Hex            ##.....      4%          1    #......
c - Confuse               Hex            ##......     14%         3    ###....


Dungeon Overview and Level Annotations

Branches:
Dungeon (5/15)
 Temple: D:4-7

Altars:
Elyvilon
Makhleb
Yredelemnul

Annotations:
D:2 Robin


Innate Abilities, Weirdness & Mutations

You are tiny and cannot use many weapons and most armour.
You have supernaturally acute eyesight.
You are a herbivore.
You cover ground extremely quickly.
You need consume almost no food.


Message History

The arrow closely misses you.
Casting: Confuse
Confirm with . or Enter, or press ? or * to list all spells.
Aiming: Confuse
Press: ? - help, Shift-Dir - straight line, f/p - centaur
Aim: a centaur, wielding a shortbow of flaming (chance to defeat MR: 45%)
The centaur resists with some effort.
The centaur shoots an arrow.
The arrow hits you!
Ouch! That really hurt!
* * * LOW HITPOINT WARNING * * *
The arrow burns you.
* * * LOW HITPOINT WARNING * * *
Casting: Confuse
Confirm with . or Enter, or press ? or * to list all spells.
Aiming: Confuse
Press: ? - help, Shift-Dir - straight line, f/p - centaur
Aim: a centaur, wielding a shortbow of flaming (chance to defeat MR: 45%)
The centaur resists with some effort.
The centaur shoots an arrow.
The arrow hits you.
You die...

##(..##.# .........##.# ##...##.#
.###.....##.# ....##.# #
#.....##.# #....##.### #.
#.....##.# .....+....#
#.###.....##.# #####
##..c####.###.........##.####....
#...#...c..'.........##.......##
#...#.###.##.........###########
#.# ..#.$.@.....'.......... #.#
#.#.........###########
#.####.#.......%.#
#......'.........#
#..###.#.........# #..#
#.#+######### #..# #..........
#.Z###.......... #..##...........


You could see a centaur.

Vanquished Creatures
  A gnoll (D:1)
  2 adders (D:3)
  2 oozes
  2 worms (D:3)
  2 dart slugs (D:1)
  2 giant geckos (D:3)
  A ball python (D:3)
  2 bats
  2 giant cockroaches (D:1)
  7 goblins (D:2)
  4 hobgoblins
  4 jackals (D:1)
  5 kobolds
  A quokka (D:3)
  5 giant newts
  2 rats (D:1)
44 creatures vanquished.

Notes
Turn   | Place    | Note
--------------------------------------------------------------
     0 | D:1      | varam the Spriggan Enchanter began the quest for the Orb.
     0 | D:1      | Reached XP level 1. HP: 9/9 MP: 5/5
    16 | D:1      | Reached XP level 2. HP: 13/13 MP: 6/6
    35 | D:1      | Reached skill level 5 in Stealth
   362 | D:1      | Reached XP level 3. HP: 9/16 MP: 5/8
   373 | D:1      | Learned a level 2 spell: Ensorcelled Hibernation
   377 | D:1      | Learned a level 3 spell: Confuse
   865 | D:2      | Noticed Robin
  1274 | D:2      | Reached skill level 6 in Stealth
  1317 | D:2      | Found a burning altar of Makhleb.
  1777 | D:3      | Reached XP level 4. HP: 18/21 MP: 9/9
  1801 | D:3      | Found a white marble altar of Elyvilon.
  1877 | D:3      | Found a basalt altar of Yredelemnul.
  2277 | D:4      | Noticed a centaur
  2313 | D:5      | Entered Level 5 of the Dungeon
  2540 | D:4      | Shot with an arrow by a centaur

Skill      XL: |  1  2  3 |
---------------+----------+-----
Stealth        | 5 6 |  6.5
Short Blades   | 2 3 |  3.3
Dodging        | |  3.0
Spellcasting   | |  2.6
Hexes          | |  3.6

Action                   |  1- 3 |  4- 6 || total
-------------------------+-------+-------++-------
Melee: Dagger            |   132 |    10 ||   142
 Cast: Corona            |     9 |       ||     9
       Ensorcelled Hiber |    13 |     7 ||    20
       Confuse           |     2 |     3 ||     5
 Stab: Sleeping          |    17 |     6 ||    23
       Distracted        |     2 |       ||     2
       Confused          |     1 |       ||     1
Armor: Robe              |    11 |       ||    11
Dodge: Dodged            |   115 |     4 ||   119
